 Dungeon Crawl Stone Soup version 0.18.1-48-g4cf74bf (webtiles) character file.

5548 Fideljak the Protected (level 10, 0/90 HPs)
             Began as a Minotaur Fighter on July 3, 2016.
             Was a Priest of the Shining One.
             Slain by a seven-headed hydra (7 damage)
             ... on level 1 of the Lair of Beasts.
             The game lasted 00:42:21 (8155 turns).

Fideljak the Protected (Minotaur Fighter)           Turns: 8155, Time: 00:42:26

Health: 0/90       AC: 16    Str: 21    XL:     10   Next: 44%
Magic:  9/9        EV:  7    Int:  5    God:    the Shining One [***...]
Gold:   442        SH: 14    Dex: 11    Spells: 0 memorised, 9 levels left

rFire  + . .     SeeInvis .     a - +0 war axe
rCold  . . .     Gourm    .     S - +1 plate armour
rNeg   + . .     Faith    .     c - +0 shield
rPois  .         Spirit   .     (helmet restricted)
rElec  .         Dismiss  .     q - +0 cloak
rCorr  +         Reflect  +     (no gloves)
SustAt .         Harm     .     (no boots)
MR     .....                    n - +3 amulet of reflection
Stlth  ..........               (no ring)
                                Q - ring of resist corrosion

@: glowing, not resistant to hostile enchantments, extremely unstealthy
A: retaliatory headbutt, horns 2, talons 1, camouflage 1, fire resistance 1,
weak 1
a: Divine Shield, Renounce Religion


You were on level 1 of the Lair of Beasts.
You worshipped the Shining One.
The Shining One was most pleased with you.
You were not hungry.

You visited 3 branches of the dungeon, and saw 10 of its levels.

You collected 442 gold pieces.

Inventory:

Hand Weapons
 a - a +0 war axe (weapon)
 G - a +0 shortbow
 L - a +1 great sword
 M - a +1 great sword of freezing
Missiles
 H - 129 arrows
Armour
 b - a +0 scale mail
 c - a +0 shield (worn)
 m - a +0 scale mail
 q - a +0 cloak (worn)
 u - a +2 leather armour of fire resistance
 S - a +1 plate armour (worn)
Magical Staves
 y - an uncursed staff of fire {unknown}
Jewellery
 l - an uncursed amulet of regeneration {unknown}
 n - a +3 amulet of reflection (around neck)
 K - a cursed ring of teleportation
 Q - a ring of resist corrosion (left hand)
Wands
 x - a wand of flame (0/48)
 A - a wand of paralysis (9/24)
 O - a wand of flame (9/48)
Scrolls
 e - 2 scrolls of recharging
 g - 4 scrolls of remove curse
 v - 2 scrolls of fog
 z - 3 scrolls of magic mapping
 P - a scroll of amnesia
Potions
 d - a potion of lignification {unknown}
 t - 3 potions of ambrosia
 I - a potion of invisibility {unknown}
 J - a potion of brilliance {unknown}
Books
 D - a book of Dreams

   Spells                             Type                      Level
   a - Ensorcelled Hibernation        Hexes/Ice                    2
   b - Silence                        Hexes/Air                    5
   c - Darkness                       Hexes                        6
   d - Shadow Creatures               Summoning                    6
Comestibles
 f - 7 bread rations
 h - 4 meat rations
 i - 4 beef jerkies
 j - 11 fruits
 o - a royal jelly
 R - 7 slices of pizza


   Skills:
 * Level 8.9 Fighting
 + Level 8.5 Axes
 * Level 9.7 Armour
 + Level 5.1 Dodging
 * Level 5.4 Stealth
 + Level 7.9 Shields
 + Level 0.5 Evocations


You had 9 spell levels left.
You didn't know any spells.

Dungeon Overview and Level Annotations

Branches:
Dungeon (8/15)             Temple (1/1) D:4            Lair (1/8) D:8

Altars:
Ashenzari
Cheibriados
Dithmenos
Elyvilon
Fedhas
Gozag
Kikubaaqudgha
Makhleb
Nemelex Xobeh
Okawaru
Pakellas
Qazlal
Ru
Sif Muna
Trog
Vehumet
Xom
Yredelemnul
Zin
The Shining One


Innate Abilities, Weirdness & Mutations

You reflexively headbutt those who attack you in melee.
You have a pair of horns on your head.
You have sharp toenails.
Your skin changes colour to match your surroundings (Stealth).
Your flesh is heat resistant.
You are weak. (Str -2)


Message History

The seven-headed hydra is severely wounded.
Evoking this partially-identified wand wasted a few charges.
The seven-headed hydra bites you but does no damage.
The seven-headed hydra bites you.
* * * LOW HITPOINT WARNING * * *
You block the seven-headed hydra's attack.
The seven-headed hydra bites you but does no damage. x2
The seven-headed hydra barely misses you.
You block the seven-headed hydra's attack.
Zapping:
O - a wand of flame {zapped: 6} (will waste charges)
Press: ? - help, Shift-Dir - straight line, f/p - seven-headed hydra
Aim: a seven-headed hydra (severely wounded, haloed)
The puff of flame hits the seven-headed hydra.
The seven-headed hydra is severely wounded.
Evoking this partially-identified wand wasted a few charges.
The seven-headed hydra bites you but does no damage.
The seven-headed hydra bites you!
* * * LOW HITPOINT WARNING * * *
The seven-headed hydra bites you!
You die...

## #.## ..... ...#...
#... #..#..## #...#
#.....# #....# #...# ##
#...#####..### #.##
#.D@##P.....##.#.#
##..............# ##
##......†.......##.#
#.....##........#.# #
........####........#
.........#.#.........##
.##P.##...............#
....#... ###
##...........P#.#
......P..
#.......##..## #


You could see a seven-headed hydra.

Vanquished Creatures
  Urug (Lair:1)
  A komodo dragon (Lair:1)
  2 spiny frogs (Lair:1)
  Sigmund (D:5)
  A yak (D:8)
  A hog (D:8)
  A human (D:8)
  A hungry ghost (D:8)
  A water moccasin (D:5)
  3 soldier ants (Lair:1)
  An orc warrior (D:8)
  2 ice beasts
  2 sky beasts
  2 ogres
  A phantom (D:7)
  4 wolves (Lair:1)
  4 centaurs
  A crocodile (Lair:1)
  2 giant frogs
  6 wights
  2 crimson imps
  3 hounds
  2 jellies
  3 orc wizards
  A centaur skeleton (D:4)
  3 orc priests
  2 giant frog skeletons
  An iguana (D:4)
  10 worker ants
  3 sheep (D:8)
  A hound zombie (D:7)
  3 hound skeletons
  A worker ant zombie (D:8)
  7 gnolls
  4 river rats (D:8)
  9 adders
  A shadow imp (D:8)
  An adder zombie (D:8)
  An adder skeleton (D:4)
  6 worms
  3 dart slugs
  4 giant geckos
  20 orcs
  2 giant cockroaches
  7 goblins
  3 hobgoblins
  7 jackals (D:6)
  6 kobolds
  6 quokkas
  A ball python zombie (D:5)
  16 bats
  2 giant newts
  2 jackal skeletons
  A quokka skeleton (D:4)
  23 rats
  A fungus (D:8)
206 creatures vanquished.

Vanquished Creatures (others)
  A plant (Lair:1)
1 creature vanquished.

Grand Total: 207 creatures vanquished

Notes
Turn   | Place    | Note
--------------------------------------------------------------
     0 | D:1      | Fideljak the Minotaur Fighter began the quest for the Orb.
     0 | D:1      | Reached XP level 1. HP: 19/19 MP: 0/0
   192 | D:1      | Reached XP level 2. HP: 23/27 MP: 1/1
   349 | D:1      | Reached skill level 4 in Armour
   710 | D:2      | Reached XP level 3. HP: 26/33 MP: 2/2
   800 | D:2      | Found a glowing golden altar of the Shining One.
   821 | D:2      | Became a worshipper of the Shining One
  1319 | D:2      | Reached XP level 4. HP: 41/41 MP: 3/3
  1429 | D:3      | Found an iron altar of Okawaru.
  1597 | D:3      | Reached skill level 1 in Stealth
  1856 | D:3      | Reached XP level 5. HP: 44/47 MP: 4/4
  1989 | D:4      | Reached * piety under the Shining One
  1991 | D:4      | Found a staircase to the Ecumenical Temple.
  2008 | D:4      | Reached skill level 5 in Armour
  2008 | D:4      | Reached skill level 1 in Dodging
  2052 | Temple   | Entered the Ecumenical Temple
  2179 | D:4      | Reached skill level 5 in Fighting
  2205 | D:4      | Reached skill level 5 in Shields
  2205 | D:4      | Reached XP level 6. HP: 56/56 MP: 5/5
  2699 | D:4      | You fall through a shaft!
  2699 | D:5      | Entered Level 5 of the Dungeon
  2745 | D:5      | Noticed a sky beast
  2755 | D:5      | Killed a sky beast
  2755 | D:5      | Reached XP level 7. HP: 61/61 MP: 6/6
  3274 | D:5      | Noticed Sigmund
  3283 | D:5      | Killed Sigmund
  3283 | D:5      | Reached skill level 6 in Armour
  3676 | D:5      | Reached skill level 5 in Axes
  3676 | D:5      | Reached XP level 8. HP: 59/70 MP: 7/7
  4092 | D:6      | Reached ** piety under the Shining One
  4186 | D:6      | Reached skill level 7 in Armour
  4506 | D:6      | Found an opulent altar of Gozag.
  5058 | D:7      | Reached XP level 9. HP: 64/79 MP: 8/8
  5435 | D:8      | Reached skill level 8 in Armour
  5568 | D:8      | Reached *** piety under the Shining One
  6346 | D:8      | Found a staircase to the Lair.
  6551 | Lair:1   | Entered Level 1 of the Lair of Beasts
  6610 | Lair:1   | Noticed Urug
  6627 | Lair:1   | Killed Urug
  6627 | Lair:1   | Reached skill level 5 in Dodging
  6627 | Lair:1   | Reached XP level 10. HP: 35/89 MP: 9/9
  6866 | Lair:1   | Noticed a spiny frog
  6876 | Lair:1   | Killed a spiny frog
  6876 | Lair:1   | Reached skill level 9 in Armour
  6876 | Lair:1   | Reached skill level 5 in Stealth
  7457 | Lair:1   | Noticed a four-headed hydra
  7476 | Lair:1   | HP: 2/90 [six-headed hydra (5)]
  7486 | Lair:1   | Gained mutation: You have sharp toenails. [potion of beneficial mutation]
  7834 | Lair:1   | Gained mutation: Your body sometimes deteriorates upon taking damage. [potion of mutation]
  7834 | Lair:1   | Gained mutation: You are weak. (Str -2) [potion of mutation]
  7834 | Lair:1   | Gained mutation: Your skin changes colour to match your surroundings (Stealth). [potion of mutation]
  7835 | Lair:1   | Gained mutation: Your flesh is heat resistant. [potion of mutation]
  7835 | Lair:1   | Lost mutation: Your body sometimes deteriorates upon taking damage. [potion of mutation]
  7967 | Lair:1   | Noticed a spiny frog
  7976 | Lair:1   | Killed a spiny frog
  8155 | Lair:1   | Slain by a seven-headed hydra

Skill      XL: |  1  2  3  4  5  6  7  8  9 10 |
---------------+-------------------------------+-----
Fighting       | 4 5 6 7 8 |  8.9
Armour         | 4 5 6 7 8 9 |  9.7
Shields        | 4 5 6 7 |  7.9
Stealth        | 1 2 4 5 |  5.4
Axes           | 3 4 5 6 7 8 |  8.5
Dodging        | 1 2 3 5 |  5.1
Evocations     | |  0.5

Action                   |  1- 3 |  4- 6 |  7- 9 | 10-12 || total
-------------------------+-------+-------+-------+-------++-------
Melee: War axe           |    81 |    83 |   257 |    60 ||   481
       Headbutt          |    15 |    18 |    48 |    14 ||    95
       Kick              |       |       |       |     4 ||     4
Evoke: Wand              |       |       |       |    14 ||    14
  Use: Scroll            |       |     3 |     5 |    10 ||    18
       Potion            |       |     2 |     1 |     7 ||    10
  Eat: Bread ration      |     1 |     1 |     3 |     1 ||     6
Armor: Scale mail        |    39 |    37 |    80 |       ||   156
       Plate armour      |       |       |     1 |    80 ||    81
Dodge: Dodged            |    31 |    39 |    85 |    32 ||   187
Block: Shield            |    55 |    48 |   177 |    96 ||   376
       Reflection        |       |       |     7 |       ||     7
